AoeStats
← VIT Liereyy

Arabian Desert

508643515Analyzed
1v1 RM · 9d ago on Sep 23, 2026· 34m 41s· 2 players
Game mode
Random Map
Map size
Tiny (2 player)
Population
200
Speed
Normal
Resources
Standard
Victory
Conquest
Starting age
Dark Age
Ending age
Imperial Age
RankedLock teamsTeams togetherTeam positionsShared explorationLock speedFull tech treeHidden civsTurbo modeCheats
Victory
Defeat
🇦🇹 Varangians · Austria
2940
+3
🇭🇰 Danes · Hong Kong SAR China
2570
-3
VIT Liereyy
5:03 Loom
9:04 Feudal Age
9:53 Double-Bit Axe
12:12 Fletching
16:47 Horse Collar
20:55 Castle Age
20:06 Scale Barding Armor
20:37 Bloodlines
21:31 Bodkin Arrow
21:26 Elite Skirmisher
21:32 Elite Skirmisher
22:25 Town Watch
23:02 Padded Archer Armor
23:55 Bow Saw
26:32 Ballistics
28:03 Wheelbarrow
29:46 Hand Cart
30:39 Leather Archer Armor
31:14 Husbandry
31:58 Chain Barding Armor
33:36 Forging
33:32 Heavy Plow
Dennis哥
7:31 Loom
10:16 Feudal Age
10:21 Man-at-Arms
11:14 Double-Bit Axe
14:10 Horse Collar
15:54 Fletching
21:46 Castle Age
20:35 Padded Archer Armor
21:33 Bloodlines
21:47 Elite Skirmisher
22:25 Bodkin Arrow
22:54 Bow Saw
23:22 Wheelbarrow
23:46 Heavy Plow
26:56 Town Watch
29:50 Husbandry
32:13 Leather Archer Armor
Connection lost

Rejoining the realm…

Still unreachable

The connection could not be restored.

Session expired

The server has moved on; the page needs a fresh start.